 Dungeon Crawl Stone Soup version 0.25.1-1-g288607f (webtiles) character file.

Game seed: 1494125262382039958

66078 Lachlan the Severer (level 14, -2/127 HPs)
             Began as a Minotaur Fighter on Nov 9, 2020.
             Was an Elder of Makhleb.
             Slain by a 13-headed hydra (5 damage)
             ... on level 14 of the Dungeon.
             The game lasted 02:23:46 (23285 turns).

Lachlan the Severer (Minotaur Fighter)             Turns: 23285, Time: 02:23:47

Health: -2/127     AC: 20    Str: 26    XL:     14   Next: 77%
Magic:  27/27      EV: 14    Int:  8    God:    Makhleb [****..]
Gold:   2062       SH: 15    Dex: 16    Spells: 13/13 levels left

rFire    . . .     SeeInvis +   t - +7 hand axe (elec)
rCold    . . .     Gourm    .   c - +1 kite shield
rNeg     . . .     Faith    +   e - +0 shadow dragon scales
rPois    .         Spirit   .   M - +3 hat of Pondering {ponderous, MR+ MP+10 Int+5}
rElec    .         Reflect  .   (no cloak)
rCorr    .         Harm     .   (no gloves)
MR       ++...     Rnd*Tele +   (no boots)
Stlth    +++.......             L - amulet of faith
HPRegen  0.31/turn              T - ring of see invisible
MPRegen  0.20/turn              a - +6 ring of dexterity

@: mighty, brilliant, studying Axes, slow
A: retaliatory headbutt, horns 2, molten scales 1, blurry vision 1, dopey 1,
teleportitis 1
a: Minor Destruction, Lesser Servant of Makhleb, Major Destruction, Renounce
Religion


You were on level 14 of the Dungeon.
You worshipped Makhleb.
Makhleb was greatly pleased with you.
You were not hungry.

You visited 3 branches of the dungeon, and saw 21 of its levels.
You also visited: Gauntlet.

You collected 2062 gold pieces.

Inventory:

Hand Weapons
 b - a +8 dagger of speed
 t - a +7 hand axe of electrocution (weapon)
 J - a +1 demon trident of venom
 Z - a +0 scimitar of holy wrath
Missiles
 i - 60 poisoned darts (quivered)
 m - 6 throwing nets
 P - 7 curare-tipped darts
Armour
 c - a +1 kite shield (worn)
 e - +0 shadow dragon scales (worn)
 p - +0 acid dragon scales
 M - the +3 hat of Pondering (worn) {ponderous, MR+ MP+10 Int+5}
   (You took it off Gastronok on level 1 of the Lair of Beasts)

   It affects your intelligence (+5).
   It affects your resistance to hostile enchantments.
   It affects your magic capacity (+10).
 S - a +2 chain mail of fire resistance
 X - a +2 ring mail of fire resistance
 Y - a +3 plate armour of fire resistance
Magical Staves
 C - an uncursed staff of death
Jewellery
 a - a +6 ring of dexterity (right hand)
 o - the amulet of Roise {Faith Str+3}
   (You found it in a Gauntlet)

   [amulet of faith]

   It allows you to gain divine favour quickly.
   It affects your strength (+3).
 r - an uncursed ring of protection from fire
 v - a cursed ring of teleportation {unknown}
 A - an uncursed ring of resist corrosion
 E - an uncursed amulet of guardian spirit
 F - an uncursed ring of ice
 L - an amulet of faith (around neck)
 T - a ring of see invisible (left hand)
Wands
 k - a wand of clouds (8)
 q - a wand of polymorph (21)
 u - a wand of iceblast (2)
 y - a wand of paralysis (11)
 B - a wand of disintegration (3)
 D - a wand of digging (12)
 K - a wand of acid (40)
 R - a wand of enslavement (4)
 W - a wand of flame (38)
Scrolls
 d - a scroll of magic mapping
 g - a scroll of fog
 l - 12 scrolls of remove curse
 s - a scroll of identify
 w - a scroll of summoning
 N - 6 scrolls of teleportation
 Q - a scroll of immolation
 V - a scroll of silence
Potions
 h - 4 potions of lignification
 j - a potion of curing
 n - 4 potions of flight
 z - a potion of resistance
 H - 2 potions of brilliance
 U - 3 potions of might
Books
 G - a manual of Axes
Comestibles
 f - 29 rations


   Skills:
 + Level 12.8 Fighting
 * Level 16.1 Axes
 + Level 6.3 Throwing
 + Level 12.1 Armour
 + Level 9.3 Dodging
 + Level 3.4 Stealth
 + Level 14.4 Shields
 * Level 6.0 Invocations
 + Level 2.9 Evocations


You had 13 spell levels left.
You didn't know any spells.
Your spell library contained the following spells:

 Spells                   Type           Power        Failure   Level  Hunger
 Animate Skeleton         Necr           N/A          90%         1    None
 Infusion                 Chrm           #...         90%         1    None
 Magic Dart               Conj           #...         90%         1    None
 Pain                     Necr           #...         90%         1    None
 Sting                    Tmut/Pois      #...         90%         1    None
 Corpse Rot               Necr/Air       N/A          97%         2    None
 Poisonous Vapours        Pois/Air       #.....       97%         2    None
 Searing Ray              Conj           #.....       97%         2    None
 Shroud of Golubria       Chrm/Tloc      #.....       97%         2    None
 Song of Slaying          Chrm           #.......     97%         2    None
 Sticks to Snakes         Tmut           #.......     97%         2    None
 Sublimation of Blood     Necr           #.........   97%         2    None
 Confusing Touch          Hex            #.......     99%         3    None
 Dazzling Flash           Conj/Hex       #.....       99%         3    None
 Gell's Gravitas          Tloc           #.........   99%         3    None
 Ignite Poison            Fire/Tmut/Pois #.......     99%         3    None
 Mephitic Cloud           Conj/Pois/Air  #.......     99%         3    None
 Ozocubu's Armour         Chrm/Ice       #.......     99%         3    None
 Spectral Weapon          Hex/Chrm       #.......     99%         3    None
 Spider Form              Tmut/Pois      #.........   99%         3    None
 Vampiric Draining        Necr           #.........   99%         3    None
 Animate Dead             Necr           N/A          100%        4    None
 Dispel Undead            Necr           #.......     100%        4    None
 Fulminant Prism          Conj/Hex       #.........   100%        4    None
 Iskenderun's Mystic Bla  Conj/Tloc      #.......     100%        4    None
 Olgreb's Toxic Radiance  Pois           #.......     100%        4    None
 Petrify                  Tmut/Erth      #.......     100%        4    None
 Agony                    Necr           #.......     100%        5    None
 Excruciating Wounds      Chrm/Necr      #.........   100%        5    None
 Metabolic Englaciation   Hex/Ice        #.........   100%        5    None
 Yara's Violent Unravell  Hex/Tmut       #.........   100%        5    None
 Hydra Form               Tmut           #.........   100%        6    None


Dungeon Overview and Level Annotations

Branches:
Dungeon (14/15)            Temple (1/1) D:7            Lair (6/6) D:9
  Swamp (0/4) Lair:4       Spider (0/4) Lair:3        Slime (0/5) Lair:5
    Orc (0/2) D:12        Gauntlet (visited)
 Vaults: D:13-14

Altars:
Ashenzari
Cheibriados
Elyvilon
Gozag
Hepliaklqana
Makhleb
Nemelex Xobeh
Okawaru
Qazlal
Ru
Sif Muna
Trog
Uskayaw
Vehumet
Wu Jian
Yredelemnul
Zin
Jiyva

Shops:
D:4 %

Portals:
Hell: Lair:6


Innate Abilities, Weirdness & Mutations

You reflexively headbutt those who attack you in melee.
You have a pair of horns on your head.
You are partially covered in molten scales. (AC +2)
Scrolls take you a little longer to read.
You are dopey. (Int -2)
You are occasionally teleported next to monsters.


Message History

You block the 13-headed hydra's attack. The 13-headed hydra misses you.
The 13-headed hydra bites you.
* * * LOW HITPOINT WARNING * * *
The 13-headed hydra bites you but does no damage. x2
You block the 13-headed hydra's attack.
The 13-headed hydra bites you but does no damage. x2
The 13-headed hydra bites you!
* * * LOW HITPOINT WARNING * * *
The 13-headed hydra completely misses you.
The 13-headed hydra misses you.
You begin reading the scroll.
You continue reading the scroll.
The 13-headed hydra bites you but does no damage.
The 13-headed hydra closely misses you. The 13-headed hydra misses you.
You block the 13-headed hydra's attack. x2
The 13-headed hydra closely misses you. The 13-headed hydra barely misses you.
The 13-headed hydra bites you but does no damage.
You block the 13-headed hydra's attack. The 13-headed hydra closely misses you.
The 13-headed hydra barely misses you. You block the 13-headed hydra's attack.
The 13-headed hydra bites you.
You die...

.......†.......PP....P..#
######.†..P..⌠...♣...♣P..#
..................# P...#
######.....♣...♣.## #P..#
#.#...P....P# #P..#
...#.........## ##P..#
#####.......÷..###PP..#
#...#..##.##..PPP..##
#.###@###.##?......# #.#
#D#..........#.# #.#
#.#.######.###.# #.# #.#.#
#.# #.# #[###.#.# #.# #.#
#.....#.# #.###.#
#######.# #.....# #.#
####### #.#


You could see a 13-headed hydra.

Vanquished Creatures
  Gastronok (Lair:1)
  A minotaur (Gauntlet)
  The ghost of Jonnyslop the Cleaver, a journeyman HOFi of Qazlal (D:12)
  The ghost of Anyutwal the Cleaver, a journeyman HOFi of Beogh (D:12)
  Snorg (D:12)
  2 hydras
  Harold (Lair:1)
  2 two-headed ogres
  A centaur warrior (D:13)
  An ogre mage (D:12)
  9 death yaks
  A sun demon (Lair:6)
  4 skeletal warriors (D:13)
  A glowing orange brain (Gauntlet)
  A wizard (Lair:6)
  A deep elf mage (D:12)
  A cyclops (D:13)
  An ugly thing (D:12)
  2 large abominations (Gauntlet)
  13 elephants
  3 orange demons (Lair:6)
  3 gargoyles
  3 black mambas
  2 torpor snails (Lair:3)
  4 rime drakes
  10 spiny frogs
  An ice devil (Lair:6)
  5 komodo dragons
  2 freezing wraiths (D:12)
  A demonic crawler (Lair:3)
  A hellwing (Lair:6)
  A red devil (Lair:6)
  2 polar bears
  3 trolls
  25 blink frogs
  Grinder (D:5)
  9 dream sheep
  2 bog bodies (Lair:4)
  4 hippogriffs
  A shadow (D:11)
  A vampire (D:12)
  A wyvern (D:10)
  Sigmund (D:2)
  6 wraiths
  33 yaks
  A basilisk (Lair:6)
  2 hungry ghosts
  Grum (D:9)
  2 acid dragons
  12 water moccasins
  4 hell hounds (Lair:6)
  5 porcupines
  3 sky beasts
  4 ice beasts
  A necrophage (D:12)
  10 orc warriors
  8 wolves
  3 black bears
  3 small abominations (Gauntlet)
  7 ogres
  A phantom (D:10)
  An eye of draining (D:13)
  3 centaurs
  12 crocodiles
  5 big kobolds
  20 bullfrogs
  4 scorpions
  3 killer bees (D:13)
  An electric eel (Lair:2)
  A howler monkey (D:9)
  5 crimson imps
  3 bullfrog zombies
  3 centaur zombies
  7 hounds
  9 orc priests
  3 quasits
  4 centaur skeletons
  3 jellies
  2 orc wizards
  5 bullfrog skeletons
  6 iguanas
  13 worker ants
  A hound skeleton (D:3)
  A worker ant zombie (D:7)
  4 gnolls
  2 howler monkey skeletons
  11 adders
  A shadow imp (D:12)
  An ooze (D:1)
  3 adder zombies
  7 worms
  3 dart slugs
  7 leopard geckos
  55 orcs
  9 bats
  8 giant cockroaches
  7 goblins
  6 hobgoblins
  2 jackals (D:2)
  34 kobolds
  9 quokkas
  2 ball pythons
  6 frilled lizards
  A leopard gecko skeleton (D:4)
  A quokka skeleton (D:5)
  5 rats
  A fungus (Lair:6)
  3 plants
541 creatures vanquished.

Vanquished Creatures (collateral kills)
  A hydra (Lair:5)
  2 centaur warriors (D:13)
  A death knight (D:12)
  A two-headed ogre (D:11)
  The ghost of Shados the Covert, a novice OpAs of Gozag (D:9)
  A skeletal warrior (D:13)
  A phantasmal warrior (D:12)
  A glowing orange brain (Gauntlet)
  An ugly thing (Gauntlet)
  An elephant (Lair:5)
  A black mamba (Lair:6)
  A torpor snail (Lair:6)
  An orange demon (Lair:6)
  A komodo dragon (Lair:5)
  A troll (D:9)
  2 blink frogs (Lair:5)
  2 dream sheep (Lair:6)
  A hippogriff (D:12)
  A basilisk (Lair:6)
  A warg (D:12)
  An acid dragon (D:9)
  A water moccasin (Lair:6)
  A porcupine (Lair:5)
  An orc warrior (D:9)
  A phantom (D:12)
  7 centaurs
  A bullfrog (Lair:2)
  A scorpion (D:13)
  A centaur zombie (D:9)
  An orc priest (D:12)
  A jelly (D:9)
  An orc wizard (D:9)
  A worker ant (D:9)
  2 orcs (D:12)
  5 kobolds
49 creatures vanquished.

Vanquished Creatures (others)
  5 fungi
  11 plants
  A withered plant (D:12)
17 creatures vanquished.

Grand Total: 607 creatures vanquished

Notes
Turn   | Place    | Note
-------+----------+-------------------------------------------
     0 | D:1      | Lachlan the Minotaur Fighter began the quest for the Orb.
     0 | D:1      | Reached XP level 1. HP: 19/19 MP: 0/0
    43 | D:1      | Reached XP level 2. HP: 16/27 MP: 1/1
   378 | D:1      | Reached XP level 3. HP: 33/33 MP: 2/2
   442 | D:1      | Reached skill level 3 in Axes
  1016 | D:2      | Reached XP level 4. HP: 39/40 MP: 3/3
  1243 | D:2      | Reached skill level 1 in Dodging
  1292 | D:2      | Noticed Sigmund
  1310 | D:2      | Killed Sigmund
  1310 | D:2      | Reached skill level 4 in Axes
  1310 | D:2      | Reached XP level 5. HP: 40/47 MP: 4/4
  1605 | D:2      | Found a sparkling altar of Nemelex Xobeh.
  1771 | D:2      | Found an iron altar of Okawaru.
  2155 | D:3      | Reached XP level 6. HP: 53/53 MP: 5/5
  2197 | D:3      | Reached skill level 5 in Axes
  2257 | D:3      | Reached skill level 5 in Armour
  2959 | D:4      | Reached skill level 5 in Shields
  2993 | D:4      | Reached skill level 1 in Throwing
  3288 | D:3      | Reached XP level 7. HP: 47/60 MP: 6/6
  3532 | D:4      | Reached skill level 5 in Fighting
  3608 | D:4      | Found Agaatan's Food Boutique.
  3671 | D:4      | Reached skill level 6 in Axes
  3966 | D:5      | Entered Level 5 of the Dungeon
  4212 | D:5      | Noticed Grinder
  4223 | D:5      | Killed Grinder
  4223 | D:5      | Reached XP level 8. HP: 47/68 MP: 7/7
  4398 | D:5      | Reached skill level 7 in Axes
  4857 | D:5      | Reached skill level 8 in Axes
  5966 | D:6      | Reached XP level 9. HP: 68/75 MP: 8/8
  6002 | D:6      | You fall into a shaft and drop 1 floor!
  6029 | D:7      | Reached skill level 9 in Axes
  6152 | D:7      | Found a staircase to the Ecumenical Temple.
  6182 | Temple   | Entered the Ecumenical Temple
  6231 | Temple   | Became a worshipper of Makhleb the Destroyer
  7573 | D:8      | Found a white marble altar of Elyvilon.
  7695 | D:8      | Reached skill level 1 in Stealth
  7782 | D:8      | Found a hazy altar of Hepliaklqana.
  7871 | D:8      | Reached * piety under Makhleb
  7898 | D:8      | Reached skill level 10 in Axes
  8053 | D:9      | Got a bloodstained robe
  8063 | D:9      | Identified the cursed +0 robe of Wiroc {rF++ Dex-2} (You
                  | found it on level 9 of the Dungeon)
  8156 | D:9      | Noticed Grum
  8186 | D:9      | Killed Grum
  8638 | D:9      | Noticed a two-headed ogre
  8647 | D:9      | Killed a two-headed ogre
  8647 | D:9      | Reached XP level 10. HP: 62/86 MP: 6/9
  8838 | D:9      | Found a staircase to the Lair.
  8842 | Lair:1   | Entered Level 1 of the Lair of Beasts
  8873 | Lair:1   | Noticed a black mamba
  8881 | Lair:1   | Killed a black mamba
  8881 | Lair:1   | Reached ** piety under Makhleb
  8881 | Lair:1   | Reached skill level 11 in Axes
  9125 | Lair:1   | Noticed Gastronok
  9160 | Lair:1   | Killed Gastronok
  9726 | Lair:1   | Noticed Harold
  9737 | Lair:1   | Killed Harold
  9737 | Lair:1   | Reached skill level 12 in Axes
 10102 | Lair:1   | Noticed a spiny frog
 10110 | Lair:1   | Killed a spiny frog
 10110 | Lair:1   | Reached XP level 11. HP: 94/94 MP: 10/10
 10772 | Lair:2   | Reached skill level 1 in Evocations
 11186 | Lair:2   | Reached skill level 5 in Dodging
 11760 | Lair:3   | Noticed a six-headed hydra
 12015 | Lair:3   | Reached skill level 5 in Throwing
 12175 | Lair:3   | Found a snail-covered altar of Cheibriados.
 12194 | Lair:3   | Reached skill level 10 in Shields
 12202 | Lair:3   | Reached skill level 10 in Armour
 12390 | Lair:3   | Killed an eight-headed hydra
 12496 | Lair:3   | Found a hole to the Spider Nest.
 12505 | Lair:3   | Reached skill level 13 in Axes
 12737 | Lair:3   | Reached *** piety under Makhleb
 12738 | Lair:3   | Noticed a seven-headed hydra
 13140 | Lair:4   | Reached XP level 12. HP: 105/105 MP: 12/12
 13327 | Lair:4   | Found a staircase to the Swamp.
 13573 | Lair:4   | Reached skill level 10 in Fighting
 13617 | Lair:4   | Noticed a death yak
 13618 | Lair:4   | Noticed a death yak
 13618 | Lair:4   | Noticed a death yak
 13619 | Lair:4   | Noticed a death yak
 13619 | Lair:4   | Noticed a death yak
 13646 | Lair:4   | Killed a death yak
 13647 | Lair:4   | Killed a death yak
 13647 | Lair:4   | Reached skill level 1 in Invocations
 13652 | Lair:4   | Killed a death yak
 13655 | Lair:4   | Killed a death yak
 13661 | Lair:4   | Killed a death yak
 13661 | Lair:4   | Reached skill level 14 in Axes
 14205 | Lair:5   | Found a viscous altar of Jiyva.
 14205 | Lair:5   | Found a staircase to the Slime Pits.
 14354 | Lair:5   | Noticed a four-headed hydra
 14371 | Lair:5   | Killed a six-headed hydra
 14396 | Lair:5   | Reached XP level 13. HP: 115/115 MP: 14/14
 15230 | Lair:6   | Entered Level 6 of the Lair of Beasts
 15702 | Lair:6   | Reached **** piety under Makhleb
 16476 | Lair:6   | Found a burning altar of Makhleb.
 16662 | Lair:6   | Found a gateway to Hell.
 17856 | D:9      | Found a runed translucent gate.
 17856 | D:9      | Found a runed translucent gate.
 17858 | D:9      | Found a runed translucent gate.
 17859 | D:9      | Noticed Shados's ghost (novice OpAs)
 17912 | D:9      | Killed Shados's ghost
 17926 | D:9      | Identified a scroll of acquirement
 17926 | D:9      | Acquired a manual of Axes
 17964 | D:9      | HP: 2/118 [cloud of flame (12)]
 18666 | D:9      | Gained mutation: You are occasionally teleported next to
                  | monsters. [potion of mutation]
 18666 | D:9      | Gained mutation: Your magical capacity is low. (-10% MP)
                  | [potion of mutation]
 18666 | D:9      | Gained mutation: Your mind is acute. (Int +2) [potion of
                  | mutation]
 18668 | D:9      | Lost mutation: You are occasionally teleported next to
                  | monsters. [potion of mutation]
 18668 | D:9      | Lost mutation: Your magical capacity is low. (-10% MP)
                  | [potion of mutation]
 18668 | D:9      | Lost mutation: Your mind is acute. (Int +2) [potion of
                  | mutation]
 18668 | D:9      | Gained mutation: You are occasionally teleported next to
                  | monsters. [potion of mutation]
 18668 | D:9      | Gained mutation: Scrolls take you a little longer to read.
                  | [potion of mutation]
 18668 | D:9      | Gained mutation: You are dopey. (Int -2) [potion of
                  | mutation]
 18668 | D:9      | Gained mutation: You are partially covered in molten
                  | scales. (AC +2) [potion of mutation]
 18715 | D:10     | Entered Level 10 of the Dungeon
 18809 | D:10     | Reached XP level 14. HP: 126/126 MP: 16/16
 18885 | D:10     | Reached skill level 15 in Axes
 20113 | D:12     | Noticed Snorg
 20127 | D:12     | Killed Snorg
 20477 | D:12     | Reached ***** piety under Makhleb
 20509 | D:12     | Found a runed translucent gate.
 20509 | D:12     | Found a runed translucent gate.
 20509 | D:12     | Found a runed translucent gate.
 20641 | D:12     | Reached skill level 5 in Invocations
 21018 | D:12     | Noticed Jonnyslop's ghost (journeyman HOFi)
 21019 | D:12     | Noticed Anyutwal's ghost (journeyman HOFi)
 21056 | D:12     | Killed Jonnyslop's ghost
 21063 | D:12     | Killed Anyutwal's ghost
 21403 | D:12     | Found a staircase to the Orcish Mines.
 21601 | D:13     | Found a gate leading to a gauntlet.
 21608 | Gauntlet | Entered a Gauntlet
 21608 | Gauntlet | Found a transporter.
 21611 | Gauntlet | Found a transporter.
 21615 | Gauntlet | Found a transporter.
 21619 | Gauntlet | Found a transporter.
 21627 | Gauntlet | Found a transporter.
 21629 | Gauntlet | Found a transporter.
 21629 | Gauntlet | Found a transporter.
 21651 | Gauntlet | Found a transporter.
 21670 | Gauntlet | Found a transporter.
 21674 | Gauntlet | Found a transporter.
 21682 | Gauntlet | Found a transporter.
 21699 | Gauntlet | Found a transporter.
 21854 | Gauntlet | Got a scintillating ivory amulet
 21869 | Gauntlet | Identified the amulet of Roise {Faith Str+3} (You found it
                  | in a Gauntlet)
 22429 | D:13     | Identified the Incunabulum of Transmigration
 22642 | D:13     | Reached skill level 16 in Axes
 23284 | D:14     | HP: 2/127 [13-headed hydra (10)]
 23285 | D:14     | Slain by a 13-headed hydra

Illustrated notes

Levels and vault maps discovered:
D:1:      wander_arrival_lonely_grave, layout_loops_ring
D:2:      layout_loops_corners, lemuel_round_altar, lemuel_round_altar,
          first_ration, uniq_sigmund
D:3:      minmay_diamond_boxcup, layout_rooms
D:4:      layout_rooms, serial_shops, kennysheep_mini
D:5:      minmay_recursive_quarters, layout_loops_ring,
          hangedman_minor_gate_pass, uniq_grinder
D:6:      layout_layer_cave
D:7:      layout_loops_cross, minmay_temple_entry_proselytizer, grunt_ogre_cave
D:8:      layout_basic, nicolae_overflow_hidden_temple, marbit_many_paths,
          special_room [special_room_orc]
D:9:      layout_loops_corners, lair_entry_dummy, gammafunk_ghost_split,
          uniq_grum
D:10:     layout_long_grid
D:11:     layout_roguey
D:12:     layout_long_grid, david_orc_1_choice, gammafunk_ghost_cemetery,
          minmay_fractal_squares_diagonal_5, uniq_snorg
D:13:     layout_roguey, gauntlet_entry_generic, eino_tiny_chamber, st_stairs_6
D:14:     layout_basic, skrybe_vaults_entry_preservation, serial_park_gazebo
          [serial_park_minivault_5x5_1], uniq_josephine, uniq_azrael
Temple:   dpeg_five_rooms_temple
Lair:1:   layout_cave_pods, grunt_megastairs_4, serial_bayou_shore_a,
          uniq_gastronok, uniq_harold
Lair:2:   layout_gridlike, lemuel_fruit_fields, infiniplex_staircase_pool
Lair:3:   layout_cave_shapes, nicolae_spider_entry_non_spiders,
          kennysheep_snail_temple, minmay_lair_oklob_chamber, grunt_megastairs_5
Lair:4:   layout_regular_city, skrybe_swamp_entry_bodies
Lair:5:   layout_cave_pods, slime_altar_1
Lair:6:   evil_forest, layout_gridlike, serial_bayou_shore_b

Skill      XL: |  1  2  3  4  5  6  7  8  9 10 11 12 13 14 |
---------------+-------------------------------------------+-----
Armour         | 4 5 6 7 8 9 10 11 12 | 12.1
Fighting       | 4 5 7 8 9 10 12 | 12.8
Shields        | 4 5 6 8 9 10 11 13 14 | 14.4
Axes           | 3 4 5 6 8 10 12 13 14 16 | 16.1
Dodging        | 1 2 4 5 7 8 9 |  9.3
Throwing       | 1 3 4 5 6 |  6.3
Stealth        | 1 2 3 |  3.4
Evocations     | 2 |  2.9
Invocations    | 1 4 6 |  6.0

Action                   |  1- 3 |  4- 6 |  7- 9 | 10-12 | 13-15 || total
-------------------------+-------+-------+-------+-------+-------++-------
Melee: War axe           |    81 |    72 |       |       |       ||   153
       Headbutt          |     7 |    24 |    37 |   113 |   217 ||   398
       Hand axe          |       |    43 |   316 |   381 |   693 ||  1433
Throw: Dart              |       |    35 |    22 |    59 |     9 ||   125
       Throwing net      |       |       |       |     4 |       ||     4
Invok: Minor Destruction |       |       |       |     3 |     6 ||     9
       Lesser Servant of |       |       |       |     5 |    35 ||    40
       Major Destruction |       |       |       |       |     2 ||     2
Evoke: Wand              |       |       |     4 |    20 |     2 ||    26
       Box of beasts     |       |       |       |     2 |       ||     2
  Use: Potion            |     5 |     4 |     1 |     5 |    13 ||    28
       Scroll            |     2 |     5 |     7 |    17 |    18 ||    49
 Stab: Distracted        |       |       |       |       |     7 ||     7
       Sleeping          |       |       |       |       |     4 ||     4
  Eat: Chunk             |       |     8 |    12 |    15 |    11 ||    46
       Ration            |       |       |     1 |     2 |     5 ||     8
Armor: Scale mail        |    30 |    34 |    87 |    76 |    96 ||   323
       Skin              |     4 |       |       |       |       ||     4
       Shadow dragon sca |       |       |       |       |    58 ||    58
       Plate armour      |       |       |       |       |     9 ||     9
Dodge: Dodged            |    31 |    41 |    66 |   148 |   283 ||   569
Block: Kite shield       |    40 |    63 |   143 |   219 |   471 ||   936
